 Dungeon Crawl Stone Soup version 0.27-a0-333-gfa571bf19a (webtiles) character file.

Game seed: 16056970659569904538

20415 Chiseanne the Fighter (level 12, -2/130 HPs)
             Began as a Troll Wanderer on Feb 12, 2021.
             Was an Initiate of Gozag.
             Slain by an orc knight
             ... wielding a +1 halberd
              (15 damage)
             ... on level 1 of the Orcish Mines.
             The game lasted 00:58:51 (11336 turns).

Chiseanne the Fighter (Troll Wanderer)             Turns: 11336, Time: 00:58:51

Health: -2/130     AC: 10    Str: 26    XL:     12   Next: 45%
Magic:  9/9        EV: 15    Int:  6    God:    Gozag
Gold:   450        SH:  0    Dex: 12    Spells: 11/11 levels left

rFire    + . .     SeeInvis .     - Unarmed
rCold    + . .     Faith    .   (no shield)
rNeg     + . .     Spirit   .   f - +2 robe {rF+}
rPois    .         Reflect  .   (helmet restricted)
rElec    .         Harm     .   H - +1 cloak {Will+}
rCorr    .         Rampage  .   (gloves unavailable)
Will     ++...                  (boots unavailable)
Stlth    +.........             (no amulet)
HPRegen  0.71/turn              t - ring of willpower
MPRegen  0.11/turn              D - ring of positive energy

@: gold aura
A: large, unfitting armour, claws 3, cold resistance 1, low mp 1, regeneration
1, shaggy fur 1, tough skin 3, MP-powered wands
a: Renounce Religion, Potion Petition, Call Merchant, Bribe Branch


You were on level 1 of the Orcish Mines.
You worshipped Gozag.
Gozag was aware of your devotion.
You visited 3 branches of the dungeon, and saw 15 of its levels.

You collected 1964 gold pieces.
You paid 1514 gold pieces to Gozag.

Inventory:

Hand Weapons
 a - a +2 flail of protection
 j - a +2 hand axe of electrocution
 u - a +1 giant spiked club
 I - a +2 great sword of freezing
Missiles
 c - 128 poisoned darts
 g - 455 stones
 o - 172 arrows
 p - 8 silver javelins
 s - 50 sling bullets
 x - 2 boomerangs
 z - 134 bolts
 J - 3 large rocks (quivered)
Armour
 f - a +2 robe of fire resistance (worn)
 w - a +2 robe of fire resistance
 H - a +1 cloak of willpower (worn)
Magical Staves
 d - a staff of poison {unknown}
Jewellery
 t - a ring of willpower (left claw)
 D - a ring of positive energy (right claw)
 G - a ring of ice
Wands
 n - a wand of digging (6)
 A - a wand of paralysis (23)
 E - a wand of polymorph (4)
Scrolls
 b - 4 scrolls of teleportation
 h - 2 scrolls of enchant armour
 r - 5 scrolls of fog
 v - a scroll of identify
 B - 2 scrolls of immolation
 C - a scroll of amnesia
Potions
 e - 2 potions of ambrosia
 i - 3 potions of flight
 k - 7 potions of brilliance
 l - 2 potions of cancellation
 q - 2 potions of mutation
 F - a potion of lignification


   Skills:
 * Level 11.0 Fighting
 - Level 1.5 Axes
 * Level 9.5 Throwing
 * Level 10.6 Dodging
 - Level 5.0 Unarmed Combat


You had 11 spell levels left.
You didn't know any spells.
Your spell library was empty.

Dungeon Overview and Level Annotations

Branches:
Dungeon (13/15)            Temple (1/1) D:6            Lair (0/6) D:10
    Orc (1/2) D:12
 Vaults: D:13-14

Altars:
Ashenzari
Cheibriados
Dithmenos
Elyvilon
Fedhas
Gozag
Hepliaklqana
Kikubaaqudgha
Makhleb
Nemelex Xobeh
Okawaru
Qazlal
Ru
Sif Muna
Trog
Uskayaw
Vehumet
Xom
Zin
The Shining One

Shops:
D:6 :   D:13 [

Annotations:
D:3 1 transporter, Froggeryz's ghost, amateur OpTm


Innate Abilities, Weirdness & Mutations

You are too large for most types of armour.
You have claws for hands.
Your natural rate of healing is unusually fast.
You are covered in fur. (AC +1)
You have extremely tough skin. (AC +3)
Your flesh is cold resistant. (rC+)
Your magical capacity is low. (-10% MP)
You expend magic power (3 MP) to strengthen your wands.


Message History

You now have 450 gold pieces (gained 18).
The orc knight hits you from afar with a +1 halberd!!
The orc knight hits you with a +1 halberd!!
You scratch the orc knight.
The orc knight is lightly wounded.
The orc knight becomes distracted by your gold, dreaming of imaginary riches.
The orc knight shouts!
You scratch the orc knight.
The orc knight is no longer distracted by gold.
The orc knight is lightly wounded.
The orc knight hits you with a +1 halberd!
You scratch the orc knight.
The orc knight is lightly wounded.
You closely miss the orc knight.
The orc knight is lightly wounded.
The orc knight completely misses you.
You scratch the orc knight.
The orc knight is moderately wounded.
The orc knight hits you with a +1 halberd!!
You hear a shout!
You mangle the orc knight!!
The orc knight is heavily wounded.
The orc knight closely misses you.
You claw the orc knight!
The orc knight is severely wounded.
An orc knight comes into view. It is wielding a +0 dire flail.
You closely miss the orc knight.
The orc knight is severely wounded.
The orc knight hits you with a +1 halberd!!
* * * LOW HITPOINT WARNING * * *
The orc knight unwields a +0 dire flail.
The orc knight wields a +0 arbalest.
The orc knight shoots a bolt.
The bolt hits you.
* * * LOW HITPOINT WARNING * * *
You claw the orc knight!
The orc knight is severely wounded.
The orc knight completely misses you.
The orc knight hits you from afar with a +1 halberd!
You die...
Your body crumbles into a pile of gold.

#.......##
.#......o. $
.........##
#....#...#
##..#....##
#...##....#
#.#.....##
##....###
.##.....@##
......o)..#
..#..#...##
. #.......#
##.......#
........##
......#..#
....#......
.....#.#..##


You could see an orc knight.

Vanquished Creatures
  Kirke (D:12)
  Josephine (D:11)
  Fannar (D:10)
  2 centaur warriors (D:13)
  2 two-headed ogres
  A tengu warrior (D:13)
  2 unseen horrors
  Pikel (D:6)
  A cyclops (D:13)
  An ugly thing (D:13)
  An orc knight (D:12)
  Maurice (D:12)
  A kobold demonologist (D:12)
  2 komodo dragons
  A troll (D:13)
  A wind drake (shapeshifter) (D:13)
  A hornet (D:9)
  Sigmund (D:3)
  A shadow (D:13)
  6 yaks
  5 wraiths
  A human (D:12)
  6 hogs (D:12)
  2 vampire mosquitoes (D:12)
  A warg (D:11)
  A water moccasin (D:8)
  An ice beast (D:5)
  6 orc warriors
  5 sky beasts
  A black bear (D:11)
  6 ogres
  A necrophage (D:5)
  2 phantoms
  5 centaurs
  9 bullfrogs
  2 wyvern skeletons
  3 scorpions
  13 killer bees
  13 wights
  2 howler monkeys (D:7)
  A bullfrog zombie (D:8)
  4 jellies
  5 hounds
  7 orc priests
  2 centaur skeletons (D:11)
  2 bullfrog skeletons
  17 orc wizards
  15 worker ants
  A hound zombie (D:6)
  A hound skeleton (D:6)
  8 gnolls
  9 adders
  3 shadow imps
  4 white imps
  An ufetubus (D:7)
  An adder zombie (D:6)
  2 adder skeletons
  2 worms
  2 leopard geckos (D:3)
  69 orcs
  A ball python (D:2)
  3 giant cockroaches
  A goblin (D:2)
  4 hobgoblins
  7 jackals
  4 quokkas
  A ball python skeleton (D:5)
  A bat (D:3)
  2 frilled lizards
  8 kobolds
  A leopard gecko skeleton (D:4)
  A rat (D:3)
304 creatures vanquished.

Vanquished Creatures (others)
  7 fungi (D:10)
  8 plants (D:10)
15 creatures vanquished.

Grand Total: 319 creatures vanquished

Notes
Turn   | Place    | Note
-------+----------+-------------------------------------------
     0 | D:1      | Chiseanne the Troll Wanderer began the quest for the Orb.
     0 | D:1      | Chiseanne set off with the following items: a +2 hand axe,
                  | a scroll of teleportation, 15 poisoned darts, a +0 dagger,
                  | a +0 robe
     0 | D:1      | Reached XP level 1. HP: 23/23 MP: 0/0
   173 | D:3      | Noticed an orc wizard
   190 | D:3      | Killed an orc wizard
   191 | D:3      | Reached skill level 1 in Unarmed Combat
   191 | D:3      | Reached XP level 2. HP: 15/31 MP: 1/1
   191 | D:3      | Reached XP level 3. HP: 18/37 MP: 2/2
   263 | D:3      | Noticed Sigmund
   285 | D:3      | Killed Sigmund
   286 | D:3      | Reached skill level 4 in Fighting
   286 | D:3      | Reached XP level 4. HP: 35/48 MP: 3/3
   286 | D:3      | Reached XP level 5. HP: 40/54 MP: 4/4
   370 | D:3      | Found a transporter.
   371 | D:3      | Noticed Froggeryz's ghost (amateur OpTm)
   584 | D:4      | You fall into a shaft and drop 3 floors!
   589 | D:6      | Noticed a centaur
   597 | D:6      | Killed a centaur
   598 | D:6      | Reached XP level 6. HP: 55/63 MP: 5/5
   621 | D:6      | Found a stormy altar of Qazlal.
   690 | D:6      | Noticed Pikel
   698 | D:6      | Paralysed by Pikel for 5 turns
   709 | D:6      | Paralysed by Pikel for 6 turns
   719 | D:6      | Killed Pikel
   720 | D:6      | Reached skill level 5 in Fighting
   720 | D:6      | Reached XP level 7. HP: 72/72 MP: 6/6
   765 | D:6      | Found an ancient bone altar of Kikubaaqudgha.
   881 | D:7      | Reached skill level 5 in Unarmed Combat
   942 | D:7      | Reached XP level 8. HP: 18/83 MP: 7/7
  1064 | D:7      | Reached skill level 5 in Dodging
  1144 | D:6      | Reached skill level 6 in Fighting
  1171 | D:5      | Entered Level 5 of the Dungeon
  1349 | D:5      | Found a sparkling altar of Nemelex Xobeh.
  1562 | D:5      | Found a shimmering blue altar of Sif Muna.
  1860 | D:4      | Found a sacrificial altar of Ru.
  1992 | D:4      | Reached skill level 7 in Fighting
  2255 | D:4      | Found a blossoming altar of Fedhas.
  2370 | D:3      | Found a white marble altar of Elyvilon.
  2433 | D:4      | Reached XP level 9. HP: 93/93 MP: 8/8
  3149 | D:6      | Found Hudinn's Book Shoppe.
  3760 | D:8      | Found a shimmering blue altar of Sif Muna.
  4155 | D:8      | HP: 4/96 [killer bee (3)]
  4160 | D:8      | HP: 3/96 [killer bee (6)]
  4447 | D:7      | Reached skill level 8 in Fighting
  4513 | D:6      | Found a staircase to the Ecumenical Temple.
  4519 | Temple   | Entered the Ecumenical Temple
  4526 | Temple   | Became a worshipper of Gozag Ym Sagoz the Greedy
  4613 | D:8      | Found a hide-covered altar of Uskayaw.
  4634 | D:7      | Noticed a komodo dragon
  4642 | D:8      | Killed a komodo dragon
  5007 | D:9      | Paralysed by a hornet for 2 turns
  5018 | D:9      | Reached XP level 10. HP: 53/104 MP: 9/9
  5120 | D:9      | Noticed an eight-headed hydra
  5810 | D:9      | Gained mutation: You expend magic power (3 MP) to
                  | strengthen your wands. [potion of mutation]
  5810 | D:9      | Gained mutation: Your magical capacity is low. (-10% MP)
                  | [potion of mutation]
  5810 | D:9      | Gained mutation: Your flesh is cold resistant. (rC+)
                  | [potion of mutation]
  5913 | D:9      | Found a broken altar of Ashenzari.
  5955 | D:9      | Reached skill level 5 in Throwing
  6456 | D:10     | Entered Level 10 of the Dungeon
  6958 | D:10     | Found a staircase to the Lair.
  7163 | D:10     | Killed an unseen horror
  7164 | D:10     | Reached skill level 9 in Fighting
  7317 | D:10     | Noticed Fannar
  7338 | D:10     | Killed Fannar
  7817 | D:11     | Killed an unseen horror
  7818 | D:11     | Reached XP level 11. HP: 63/115 MP: 8/8
  7932 | D:11     | Found a gate leading to a gauntlet.
  7984 | D:11     | Found a sparkling altar of Nemelex Xobeh.
  7986 | D:11     | Found a shimmering altar of Xom.
  7986 | D:11     | Found a broken altar of Ashenzari.
  7988 | D:11     | Found a hazy altar of Hepliaklqana.
  7988 | D:11     | Found a stormy altar of Qazlal.
  7988 | D:11     | Found a shimmering altar of Xom.
  8034 | D:11     | Noticed Josephine
  8046 | D:11     | Killed Josephine
  8435 | D:11     | Noticed a two-headed ogre
  8446 | D:11     | Killed a two-headed ogre
  8729 | D:12     | Found a staircase to the Orcish Mines.
  8758 | D:12     | Noticed a sixfirhy
  8948 | D:12     | Reached skill level 10 in Fighting
  9265 | D:12     | Noticed Maurice
  9277 | D:12     | Killed Maurice
  9706 | D:12     | Noticed Kirke
  9719 | D:12     | Noticed a lindwurm
  9721 | D:12     | Killed Kirke
  9722 | D:12     | Reached skill level 10 in Dodging
  9722 | D:12     | Reached XP level 12. HP: 119/127 MP: 1/9
 10087 | D:13     | Noticed a centaur warrior
 10105 | D:13     | Killed a centaur warrior
 10696 | D:13     | Noticed a boulder beetle
 10699 | D:13     | Noticed a tengu warrior
 10721 | D:13     | Killed a tengu warrior
 10864 | D:13     | Noticed a two-headed ogre
 10866 | D:13     | Noticed a centaur warrior
 10875 | D:13     | Killed a two-headed ogre
 10883 | D:13     | Killed a centaur warrior
 10907 | D:13     | Noticed a vault guard
 10908 | D:13     | Noticed a vault guard
 11010 | Orc:1    | Entered Level 1 of the Orcish Mines
 11270 | D:12     | Reached skill level 11 in Fighting
 11336 | Orc:1    | Slain by an orc knight

Illustrated notes

Levels and vault maps discovered:
D:1:      dpeg_arrival_connections, layout_loops_ring, minmay_misc_feat_cross,
          grunt_decor_one_mirror
D:2:      layout_basic, nicolae_tso_swordbearing_angel
D:3:      layout_basic, nicolae_overflow_crystal_walls, gammafunk_ghost_arena,
          minivault_4, minmay_misc_feat_tower, minmay_randomly_rotated_circles,
          uniq_sigmund
D:4:      layout_gridville, kennysheep_mini, lemuel_altar_in_water
D:5:      layout_basic, old_standard_altar, lemuel_doored_altar
D:6:      layout_loops_corners, general_overflow_altar,
          nicolae_qazlal_general_emergency, minmay_temple_entry_enclosed_plants,
          serial_shops, kennysheep_little_box, uniq_pikel
D:7:      layout_basic
D:8:      layout_rooms, eat_drink_and_be_merry_uskayaw, basic_altar,
          dk_noncrumbling_4
D:9:      layout_grid_maze, marbit_many_paths
D:10:     layout_irregular_city, grunt_lair_entry_orc_guard_hut, uniq_fannar
D:11:     layout_small_grid, gauntlet_entry_generic, doesnt_xom_only_xom,
          uniq_josephine
D:12:     layout_loops_cross, david_orc_2, grunt_livestock, serial_bayou_pond_e,
          uniq_kirke, uniq_maurice
D:13:     layout_layer_cave, erik_vaults_2, minmay_guarded_unrand_resistance
Temple:   eino_temple_lava
Orc:1:    gammafunk_beogh_shrine, layout_caves

Skill      XL: |  1  2  3  4  5  6  7  8  9 10 11 12 |
---------------+-------------------------------------+-----
Dodging        | 2 3 4 6 7 8 10 | 10.6
Unarmed Combat | 1 2 3 4 5 |  5.0
Fighting       | 4 5 7 8 9 10 11 | 11.0
Throwing       | 4 6 8 9 |  9.5
Axes           | |  1.5

Action                   |  1- 3 |  4- 6 |  7- 9 | 10-12 || total
-------------------------+-------+-------+-------+-------++-------
Melee: Unarmed           |    43 |    65 |   456 |   663 ||  1227
       Punch             |     1 |     1 |     7 |    19 ||    28
Throw: Dart              |     5 |     2 |    24 |    10 ||    41
       Javelin           |       |       |     2 |     6 ||     8
       Boomerang         |       |       |       |    19 ||    19
Invok: Potion Petition   |       |       |       |     1 ||     1
       Call Merchant     |       |       |       |     1 ||     1
Evoke: Wand              |       |       |     6 |    30 ||    36
  Use: Scroll            |       |     2 |    10 |    12 ||    24
       Potion            |       |     1 |     2 |     4 ||     7
 Stab: Paralysed         |       |       |     4 |     3 ||     7
       Sleeping          |       |       |     1 |       ||     1
       Distracted        |       |       |       |     2 ||     2
Armor: Robe              |    10 |     6 |   172 |   201 ||   389
       Skin              |       |    19 |       |    16 ||    35
Dodge: Dodged            |     8 |    29 |   294 |   342 ||   673

Table legend: (Time is in decaauts)
 A = Elapsed time spent in this place.
 B = Non-inter-level travel time spent in this place.
 C = Inter-level travel time spent in this place.
 D = Time resting spent in this place.
 E = Time spent auto-exploring this place.
 F = Levels seen in this place.
 G = Mean time per level.
                   A        B        C        D        E       F      G
               +--------+--------+--------+--------+--------+-----+--------+
         Total |  11298 |  10517 |    781 |   2651 |     26 |  15 |  753.2 |
       Dungeon |  11244 |  10463 |    781 |   2651 |     26 |  13 |  864.9 |
        Temple |     14 |     14 |      0 |      0 |      0 |   1 |   14.0 |
  Orcish Mines |     38 |     38 |      0 |      0 |      0 |   1 |   38.0 |
               +--------+--------+--------+--------+--------+-----+--------+

Top non-repeatable levels by time:
     D:9: 1459 daAuts
    D:10: 1313 daAuts
    D:12: 1273 daAuts
    D:11: 1163 daAuts
     D:8: 1146 daAuts
    D:13: 1089 daAuts
     D:6: 978 daAuts
     D:4: 928 daAuts
     D:5: 724 daAuts
     D:3: 474 daAuts
     D:7: 471 daAuts
     D:2: 127 daAuts
     D:1: 94 daAuts
   Orc:1: 38 daAuts
  Temple: 14 daAuts
